[Event "87th Spanish Championship 2022"]
[Site "Linares"]
[Date "2022.08.13"]
[Round "3.7"]
[White "Garriga Cazorla, Pere"]
[Black "Garcia Martin, Marta"]
[Result "1/2-1/2"]
[ECO "A13"]
[WhiteElo "2505"]
[BlackElo "2305"]
[Annotator "TA"]
[PlyCount "161"]
[EventDate "2022.08.11"]
[EventType "swiss"]
[EventCountry "ESP"]
[SourceTitle "playchess.com"]
[Source "ChessBase"]
[SourceQuality "1"]
[TimeControl "5400+30"]

1. Nf3 d5 2. c4 e6 3. g3 dxc4 4. Bg2 a6 5. a4 Nc6 6. b3 {[%emt 0:07:04] A13: English Opening: 1...e6.} cxb3 7. Qxb3 {[%emt 0:01:48] [#]} e5 $146 {[%emt 0:25:01] Threatens to win with ...e4.} ({Predecessor:} 7... Nf6 8. O-O e5 9. Ng5 Qd7 10. Nc3 Na5 11. Qa2 Bd6 12. Nd5 Nxd5 13. Qxd5 Nc6 {½-½ (41) Zakaryan,D (2350)-Konaplev,A (2314) Sochi 2019}) 8. Bb2 (8. O-O $11) 8... Be6 $1 $17 9. Qc2 (9. Qxb7 $2 Bd5 10. Nxe5 Bxg2 $17) 9... f6 10. O-O Nb4 11. Qc1 c5 {[%emt 0:00:13] Prevents d4.} 12. d3 Rc8 13. Nh4 (13. Nfd2 $142) 13... g5 14. Nf3 Ne7 (14... c4 $6 15. dxc4 Rxc4 16. Nc3 $11) (14... b6 $17 {Threatening ...Ne7.} 15. Nfd2 Ne7) 15. Nfd2 (15. Nxe5 $1 $11 fxe5 16. Bxe5) 15... Nec6 16. Nc3 h5 17. Nce4 (17. Nc4 $17) 17... Nd4 $19 18. Qd1 Be7 19. Nc4 h4 (19... b5 $1 $19 20. axb5 axb5) 20. a5 hxg3 (20... Rc7 $19 21. Bc3 h3) 21. fxg3 $15 Ndc2 22. Nb6 ({Better is} 22. Rc1 $15 Bxc4 23. dxc4) 22... Rc6 $19 (22... Nxa1 23. Nxc8 Qxc8 24. Qxa1 $11) 23. Rf3 ({Of course not} 23. Nxg5 Rxb6 24. axb6 fxg5 25. Bxe5 Rh6 26. Bxb7 Qxb6 $19) (23. Rf2 {was worth a try.}) 23... Nxa1 24. Qxa1 Nc2 25. Qf1 (25. Qb1 $142 Nb4 26. Rf1) 25... Bg4 26. Nc4 Bxf3 27. Bxf3 Nd4 28. Bg2 Qd7 29. e3 Nb5 30. h3 O-O 31. g4 Rd8 32. Nb6 $2 (32. Nf2 {might work better.}) 32... Qxd3 33. Qf2 Qd1+ 34. Kh2 Qb3 35. Qf5 Qf7 {[%emt 0:00:23] Prevents Qg6+.} ({Weaker is} 35... Qxb2 36. Qg6+ Kh8 37. Qh6+ Kg8 38. Qg6+ Kh8 39. Qh6+ Kg8 40. Qg6+ $11) 36. Nd7 Kg7 37. Nxe5 fxe5 38. Qxe5+ Rf6 $2 39. h4 $2 (39. Nxf6 $15 Bd6 40. Ne8+ Kh6 41. Nxd6 Nxd6 42. Bd5) 39... Rd5 40. Qg3 {[%emt 0:00:59] [#]} Nd6 $2 41. Nxg5 (41. Bxf6+ Bxf6 42. Nxd6 gxh4 43. Qf4 Rxd6 44. Qxd6) 41... Qg8 42. Qf2 c4 43. Nh3 c3 44. Bxc3 Nb5 $1 45. Bb2 {[%emt 0:00:33] This bishop pair is nice.} (45. Bxf6+ {was the only chance.} Bxf6 46. Bxd5 Qxd5 47. Nf4) 45... Bd6+ 46. Nf4 {[%emt 0:00:21] [#] Black must now prevent Kh3.} Bxf4+ $4 (46... Rd4 $1 $19 {[%mdl 512] and all is fine.} 47. g5 (47. Bxd4 Nxd4) 47... Rf7 $1) 47. Qxf4 $18 {[%emt 0:00:27][%mdl 64] Pin} Nd4 48. Bxd4 {[%emt 0:00:43] Really sharp!} Rxd4 49. Qxd4 {[%emt 0:00:06][%mdl 4096] Endgame White wants to mate with g5. KQR-KQB} Qb8+ 50. Kh1 {[%emt 0:00:29] Threatening mate with g5.} Qd6 {[%emt 0:00:40] [#]} 51. Qe4 ({And not} 51. Bxb7 Qxd4 52. exd4 Rf4 $11) ({Only move:} 51. Bd5 $1 $18 {Strongly threatening g5.} Kf8 52. Kg2 (52. Bxb7 Qxd4 53. exd4 Rf4 $11)) 51... Rf7 $11 52. h5 Qf6 53. Qf4 $2 (53. Kh2 $11) 53... Qxf4 $2 ({Black should try} 53... Qa1+ $19 54. Kh2 Rxf4 55. exf4 Qxa5) 54. exf4 Rxf4 {[%emt 0:00:02] aiming for ...Rb4.} 55. Bxb7 Rxg4 56. Bxa6 $19 {[%emt 0:00:07] KR-KB} Rh4+ 57. Kg2 Rxh5 58. Kf3 Rxa5 59. Bc4 Kf6 60. Ke4 Ke7 61. Kd4 Kd6 62. Bb3 Rh5 63. Bc2 Rh4+ 64. Kc3 Kc5 65. Bg6 Rh3+ 66. Kb2 Kb4 67. Ka1 $2 (67. Kc2 $11) 67... Kc3 68. Bf7 Rh1+ 69. Ka2 Rh2+ 70. Ka1 Rh1+ 71. Ka2 Rh7 72. Be6 Ra7+ 73. Kb1 Rb7+ 74. Ka1 Kc2 75. Bf5+ Kb3 76. Be6+ Ka3 77. Bf5 Rf7 78. Be4 Rf4 79. Bh7 Rf1+ 80. Bb1 Rxb1+ $2 81. Kxb1 {[%emt 0:00:05] Both players deserved the win here.  Weighted Error Value: White=0.80/Black=0.45} 1/2-1/2

[Event "87th Spanish Championship 2022"]
[Site "Linares"]
[Date "2022.08.13"]
[Round "3.8"]
[White "Gonzalez Guedes, Iyan"]
[Black "Lopez Martinez, Josep Manuel"]
[Result "0-1"]
[ECO "C02"]
[WhiteElo "2250"]
[BlackElo "2486"]
[Annotator "TA"]
[PlyCount "104"]
[EventDate "2022.08.11"]
[EventType "swiss"]
[EventCountry "ESP"]
[SourceTitle "playchess.com"]
[Source "ChessBase"]
[SourceQuality "1"]
[TimeControl "5400+30"]

1. e4 e6 2. d4 d5 3. e5 c5 4. c3 Nc6 5. Nf3 Bd7 6. a3 c4 7. Nbd2 {[%emt 0:00:16] 7.g3 is not played anymore.} Na5 8. g3 Ne7 9. h4 {[%emt 0:00:19] C02: French: Advance Variation.} Nc8 10. Bh3 Nb6 11. O-O {[%emt 0:00:17] The position is equal.} Qc7 {[%emt 0:02:54] [#]} 12. Ne1 $146 ({Predecessor:} 12. Nh2 O-O-O 13. Ng4 Be7 14. Ne3 f6 15. f4 Rhg8 16. Nf3 Rdf8 17. Re1 Bd8 18. Rb1 {0-1 (62) Mayeregger,A (2122)-Stepanencu,N (2240) Chess.com INT 2021}) 12... O-O-O 13. f4 f6 14. Nef3 h5 ({Better is} 14... Kb8 $15) 15. Re1 Re8 16. Nf1 f5 (16... Ba4 $5 17. Qe2 Nb3 $11) 17. Be3 Kb8 18. Qe2 g6 19. Bf2 Ka8 20. Ne3 Na4 21. Bf1 Rc8 22. Qc2 Qb6 23. Rab1 Qd8 24. Be2 Qe8 25. Bd1 Nb6 26. Qe2 Ba4 27. Bxa4 Nxa4 28. Qc2 Nb3 29. Nd2 Nxd2 30. Qxd2 Rc6 31. Rbc1 Rb6 32. Rc2 Rb3 33. Nd1 Rh7 34. Be3 Rc7 35. Qf2 a5 36. Bc1 b5 37. Re3 Qd7 38. Bd2 Ra7 39. Kg2 Nb6 40. Qf3 Nc8 41. Rc1 Ne7 42. Ra1 (42. Be1 $15 {deserves consideration.}) 42... Nc6 $17 43. Qf2 b4 {[%emt 0:01:07][%cal Rb4a3] Black is more active.} 44. axb4 axb4 45. Rxa7+ (45. Rc1 $17 {might work better.}) 45... Qxa7 $19 46. Bc1 Qa1 47. Qc2 Kb7 48. Re2 (48. Bd2 $142) 48... Na7 49. Bd2 Nb5 50. Rf2 bxc3 {[%emt 0:00:47] Black is clearly winning.} 51. bxc3 (51. Bxc3 $142 Bb4 52. Qd2) 51... Na3 52. Qc1 Rb1 {[%emt 0:00:09] Weighted Error Value: White=0.29 (precise) /Black=0.05 (flawless)} 0-1

[Event "87th Spanish Championship 2022"]
[Site "Linares"]
[Date "2022.08.13"]
[Round "3.9"]
[White "Gines Esteo, Pedro Antonio"]
[Black "Massanet Massanet, Sebastian"]
[Result "1-0"]
[ECO "A22"]
[WhiteElo "2455"]
[BlackElo "2232"]
[Annotator "TA"]
[PlyCount "77"]
[EventDate "2022.08.11"]
[EventType "swiss"]
[EventCountry "ESP"]
[SourceTitle "playchess.com"]
[Source "ChessBase"]
[SourceQuality "1"]
[TimeControl "5400+30"]

1. c4 e5 2. Nc3 Nf6 3. Nf3 e4 4. Ng5 c6 5. Ngxe4 Nxe4 6. Nxe4 {[%emt 0:00:05] A22: English Opening: 1...e5 2 Nc3 Nf6.} d5 7. cxd5 cxd5 8. Ng3 {[%emt 0:00:12] White is better.} (8. Qa4+ $2 Bd7 9. Qd4 dxe4 10. Qxe4+ Be7 $19) 8... h5 {[%emt 0:00:34] ...h4 is the strong threat.} 9. e3 h4 10. Ne2 Nc6 {[%emt 0:02:45] [#]} 11. d4 $1 Bd6 12. Nc3 Qf6 {[%emt 0:06:10] [#]} 13. Nxd5 $146 ({Better is} 13. Bd3 $16) ({Predecessor:} 13. a3 Qg6 14. h3 O-O 15. Qf3 Na5 16. Qxd5 b6 17. Bd2 Bb7 18. Qa2 Rac8 19. b4 {1-0 (48) Stremavicius,T (2532)-Goh,W (2453) Chennai 2022}) 13... Qg6 $1 $14 14. Nc3 Bf5 $1 {[%emt 0:05:21] Inhibits Qd3.} 15. Nb5 (15. f3 $16) 15... Bb8 $11 16. d5 Nb4 {[%emt 0:15:15] White must now prevent ...Nc2+.} 17. Nd4 Nd3+ 18. Ke2 $1 (18. Bxd3 Bxd3 19. Nf3 Bc7 20. Qa4+ b5 $11) 18... Ne5 (18... Qh5+ $14 19. f3 O-O) 19. Nxf5 $16 Qxf5 20. Qa4+ Ke7 (20... b5 $2 21. Qxb5+ Qd7 22. Qxd7+ Nxd7 23. f4 $18) 21. f4 Qg4+ (21... Nd7 $16 22. b3 Re8) 22. Kf2 h3 23. Qe4 {[%emt 0:01:50] Prevents Nd3+. aiming for g3.} ({Not} 23. gxh3 Qf3+ 24. Ke1 (24. Kg1 $2 Rh6 $19) 24... Qxh1 25. fxe5 Bxe5 26. Qb4+ Kf6 $17) 23... f5 (23... Bd6 $142) 24. d6+ Bxd6 25. Qxb7+ Nd7 26. Be2 Qg6 (26... Qxg2+ $16 27. Qxg2 hxg2 28. Kxg2 Nf6) 27. Bb5 Rad8 (27... Qxg2+ $16 28. Qxg2 hxg2 29. Kxg2 Rh4) 28. Bd2 (28. g3 $18 {and White stays clearly on top.}) 28... hxg2 $2 {[%emt 0:00:33] [#] Black cannot hold the game after this.} (28... Kf8 $16 {was necessary.} 29. Bxd7 Rxd7) 29. Rhg1 $1 $18 {[%emt 0:00:48] Dancing on a razor blade.} ({Less strong is} 29. Qxg2 Qxg2+ 30. Kxg2 Nf6 $16) 29... Rxh2 (29... Qe6 $142 30. Rxg2 (30. Qxg2 Rh7 $18) 30... g6) 30. Ba5 Bc5 31. Bxd8+ {[%emt 0:00:08] A strong pair of Bishops.} Kf8 32. Qxd7 Bxe3+ 33. Kxe3 Qg3+ 34. Ke2 Qg4+ 35. Kd3 Qf3+ 36. Kc2 Qf2+ 37. Qd2 (37. Kb3 $142 Qe3+ 38. Kb4 Qe4+ 39. Bc4 a5+ 40. Kb5 Qxc4+ 41. Kxc4 Rh6 42. Rxg2) 37... Qc5+ 38. Qc3 Qxb5 39. Qa3+ {[%emt 0:00:05] Weighted Error Value: White=0.15 (very precise) /Black=0.72} (39. Rae1 $142 Qa4+ 40. Kb1 Kg8 41. Re7 Qe4+ 42. Rxe4 fxe4 43. Qc4+ Kh8 44. Qxe4) 1-0

[Event "87th Spanish Championship 2022"]
[Site "Linares"]
[Date "2022.08.13"]
[Round "3.10"]
[White "Silva Lucena, Cristian"]
[Black "Merario Alarcon, Andres"]
[Result "1-0"]
[ECO "B75"]
[WhiteElo "2212"]
[BlackElo "2418"]
[Annotator "TA"]
[PlyCount "91"]
[EventDate "2022.08.11"]
[EventType "swiss"]
[EventCountry "ESP"]
[SourceTitle "playchess.com"]
[Source "ChessBase"]
[SourceQuality "1"]
[TimeControl "5400+30"]

1. e4 c5 2. Nf3 d6 3. d4 cxd4 4. Nxd4 Nf6 5. Nc3 g6 6. Be3 Bg7 7. f3 a6 8. Qd2 {[%emt 0:00:28] White is more active.} h5 {[%emt 0:00:09] 8...b5 is the modern continuation. B75: Sicilian Dragon: Yugoslav Attack, Miscellaneous.} 9. O-O-O b5 10. Nb3 Nbd7 {[%emt 0:06:59] The position is equal.} 11. Nd5 Bb7 12. Nxf6+ Bxf6 13. Na5 Qc7 14. Nxb7 Qxb7 15. Qd5 Qxd5 (15... Qc8 {seems wilder.} 16. f4 Rb8 17. Be2 Nb6) 16. Rxd5 {[%emt 0:00:04] [#]} O-O $146 ({Predecessor:} 16... Rc8 17. a4 bxa4 18. Bxa6 Rb8 19. Bb5 e6 20. Bd4 exd5 21. Bxf6 Rxb5 22. Bxh8 f6 {0-1 (44) Egeland,F (1946)-Abrahamsen,K (1860) Oslo 2016}) 17. f4 Bg7 {[%emt 0:14:22] Against e5} 18. e5 {[%emt 0:03:52] Prevents Nf6.} Bh6 (18... Rfd8 $11) 19. exd6 $14 Nf6 20. dxe7 Nxd5 21. exf8=Q+ Rxf8 22. Bd2 {[%emt 0:00:31] Hoping for g3.} Bxf4 23. Bxf4 Nxf4 {[%emt 0:00:01][%mdl 4096] Endgame KRB-KRN} 24. g3 Ne6 25. Bg2 Rd8 (25... b4 $11) 26. Rd1 $1 $16 Rxd1+ 27. Kxd1 {[%emt 0:00:01] KB-KN} Kf8 28. Kd2 (28. b4 $142 $1) 28... Ke7 (28... a5 $142) 29. Kc3 (29. b4 $142 $1) 29... Kd6 30. Kb4 Nd4 (30... g5 $16 {was necessary.}) 31. c3 $1 $18 Nc6+ (31... Ne6 32. Ka5 Nc7) 32. Bxc6 Kxc6 {[%emt 0:00:01] [#] KP-KP} 33. c4 g5 34. Kc3 $2 (34. cxb5+ $18 axb5 35. Kc3) 34... f5 $2 {[%emt 0:05:19][%mdl 8192] [#] This costs Black the game.} (34... bxc4 $11 35. Kxc4 Kd6) 35. cxb5+ $1 Kxb5 36. Kd4 {[%emt 0:01:19] White mates.} a5 37. Ke5 f4 38. gxf4 gxf4 39. Kxf4 {[%emt 0:00:50] K3P-KPP} Kc4 40. h4 Kd3 41. Kg5 Kc2 42. Kxh5 Kxb2 43. a4 Kb3 44. Kg4 Kxa4 45. h5 Kb3 46. h6 {[%emt 0:00:05] Weighted Error Value: White=0.27 (precise) /Black=0.50} 1-0

[Event "87th Spanish Championship 2022"]
[Site "Linares"]
[Date "2022.08.13"]
[Round "3.11"]
[White "Asis Gargatagli, Hipolito"]
[Black "Jimenez Fernandez, Rebeca"]
[Result "1-0"]
[ECO "B22"]
[WhiteElo "2514"]
[BlackElo "1908"]
[Annotator "TA"]
[PlyCount "121"]
[EventDate "2022.08.11"]
[EventType "swiss"]
[EventCountry "ESP"]
[SourceTitle "playchess.com"]
[Source "ChessBase"]
[SourceQuality "1"]
[TimeControl "5400+30"]

1. e4 c5 2. c3 Nf6 3. e5 Nd5 4. Bc4 Nb6 5. Bb3 c4 6. Bc2 {[%emt 0:00:05] B22: Sicilian: 2 c3.} d6 7. exd6 Qxd6 8. Nf3 {[%emt 0:02:24] The position is equal.} Qe6+ 9. Kf1 Nc6 10. Na3 Qd5 11. Qe2 $1 Bg4 12. Be4 {[%emt 0:21:47] [#]} Qc5 $146 ({Predecessor:} 12... Qe6 13. h3 Bh5 14. b3 cxb3 15. axb3 O-O-O 16. Nc4 Nd5 17. Na5 f5 18. Nxc6 Qxc6 19. Bxf5+ {½-½ (104) Lodici,L (2404)-Shevchenko,K (2537) Trieste 2017}) 13. b4 cxb3 14. axb3 {[%emt 0:00:19] And now Nb5 would win.} e6 15. Nb5 {[%emt 0:26:22] Black must now prevent Nc7+.} Qe7 {[%emt 0:01:22] Inhibits Nc7+.} 16. Qe3 Bxf3 (16... Qd7 $1 $14) 17. Qxf3 $16 (17. Bxf3 $6 Qd7 $14) 17... Qd7 18. Qg3 $1 {[%emt 0:01:08] Strongly threatening Nc7+.} Rc8 {[%emt 0:07:32] Prevents Nc7+.} 19. Bxc6 (19. Nxa7 $6 Ra8 $11) 19... Rxc6 20. Rxa7 Rc8 (20... Nc8 $16) 21. c4 $18 Bc5 22. Qxg7 Rf8 23. Qg3 {[%emt 0:00:53] Prevents Qd3+.} (23. Qxh7 Nxc4 $1 24. bxc4 Bxa7 $11) (23. d4 $142 Nxc4 24. bxc4 Bxa7 25. Nxa7 (25. Ba3 $2 Bc5 $17)) 23... Nxc4 $16 24. bxc4 Bxa7 25. Nd6+ (25. Nxa7 $6 Qa4 26. Ke2 Qxa7 $11) 25... Kd8 $2 (25... Ke7 $16 26. Ba3 (26. Nxc8+ Rxc8 27. Ba3+ Kd8 $16) 26... Bc5 27. Qh4+ (27. Nxc8+ Rxc8 28. Qg5+ Kd6 $16) 27... Kxd6 28. Qd4+ Ke7 29. Bxc5+ Rxc5 30. Qxc5+ Kf6) 26. Nxc8 $18 ({Weaker is} 26. Ba3 Bc5 27. Bxc5 (27. Nxc8 $2 Qxd2 28. Qf3 Bxa3 $19) 27... Rxc5 $11) 26... Kxc8 27. Qa3 {[%emt 0:00:50][%csl LRa7,LRf8] Inhibits Qa4.} Rd8 28. Qxa7 Qd3+ 29. Kg1 (29. Ke1 $142 $1) 29... Qc2 30. Qc5+ Kd7 {[%emt 0:00:46][%cal Rc2c1] [#]} 31. g3 $1 Qxc1+ {[%emt 0:00:17][%mdl 4096] Endgame KQR-KQR} 32. Kg2 Qxd2 (32... Qc2 $16 {is a better defense.}) 33. Rb1 Rb8 34. Qh5 Ke7 35. Rd1 (35. Qxh7 Qd4 36. Qc2 b5 37. Rxb5 Rxb5 38. cxb5 Qd5+ 39. f3 Qxb5 $16) 35... Qc2 36. Qg5+ Kf8 37. Qh6+ ({Don't play} 37. Rd7 $6 Qe4+ 38. Kh3 Qf5+ 39. Qxf5 exf5 $16) 37... Ke7 (37... Ke8 $16 38. Rd4 Qg6) 38. Qg5+ Kf8 $1 39. Rd7 (39. Qc5+ $18 {is more deadly.} Kg8 40. Rd4) 39... Qe4+ $16 40. Kh3 {[%emt 0:00:31] White is much more active.} Qf5+ 41. Qxf5 exf5 {[%emt 0:00:07][%cal Be6f5,Bf5f4][%mdl 32] KR-KR} 42. Rd5 $1 Rc8 43. c5 f4 $1 44. g4 Ke7 (44... Ra8 $14) 45. Kg2 Rd8 {[%emt 0:01:08] [#]} (45... Kf6 $16 {was necessary.} 46. Kf3 Ke7) 46. Re5+ (46. Rh5 $1 $18) 46... Kd7 $2 (46... Kf8 $16) 47. Rf5 Ke6 48. Rxf4 ({Better is} 48. Kf3 $18) 48... Rd5 $1 $14 49. Rc4 {[%emt 0:00:11] aiming for c6.} Rg5 {[%emt 0:00:07] [#]} ({Black should try} 49... h5 $14) 50. h4 $1 $18 Rg8 51. Kf3 {[%emt 0:00:36] Threatens to win with Rb4.} Kd5 $2 (51... Rc8 $16 {was worth a try.}) 52. Rf4 Kxc5 $2 (52... Rg7 53. Rf5+ Ke6) 53. Rxf7 b5 54. Rxh7 b4 55. Rb7 {[%emt 0:00:07] Against Rb8. Hoping for g5.} Kc4 56. g5 {[%emt 0:01:18] White wants to mate with Kg4.} b3 57. Kg4 {[%emt 0:00:18] h5 would kill now.} Kc3 58. h5 {[%emt 0:00:32][%cal Bh4h5,Bh5h6][%mdl 32] White mates.} Rd8 59. h6 Rd4+ 60. f4 Rb4 61. Rxb4 {[%emt 0:00:20] Weighted Error Value: White=0.17 (very precise) /Black=0.46} 1-0

[Event "87th Spanish Championship 2022"]
[Site "Linares"]
[Date "2022.08.13"]
[Round "3.12"]
[White "Lin, Yingrui"]
[Black "Narciso Dublan, Marc"]
[Result "0-1"]
[ECO "A90"]
[WhiteElo "2314"]
[BlackElo "2461"]
[Annotator "TA"]
[PlyCount "70"]
[EventDate "2022.08.11"]
[EventType "swiss"]
[EventCountry "ESP"]
[SourceTitle "playchess.com"]
[Source "ChessBase"]
[SourceQuality "1"]
[TimeControl "5400+30"]

1. d4 e6 2. c4 f5 3. g3 Nf6 4. Bg2 d5 5. Nf3 Bd6 6. O-O O-O $1 {[%emt 0:00:10][%mdl 4] now scores much better than the old 6...c6.} 7. b3 b6 8. Ba3 {[%emt 0:03:41] A90: Dutch Defence: Miscellaneous and Modern Stonewall (with ...Bd6).} Bb7 9. Bxd6 cxd6 10. Nc3 {[%emt 0:00:14] The position is equal.} Ne4 11. Rc1 Nd7 {[%emt 0:00:35] [#]} 12. Ne1 $146 ({Predecessor:} 12. cxd5 Nxc3 13. Rxc3 Bxd5 14. Qc2 Nf6 15. Qb2 Be4 16. Nd2 Bxg2 17. Kxg2 Nd5 18. Rc2 {0-1 (59) Martinez Martin,D (2376)-Narciso Dublan,M (2520) chess24.com INT 2021}) 12... Rc8 13. Nb5 a6 14. Bxe4 axb5 15. Bf3 (15. Bd3 $1 $11) 15... Qc7 $17 {[%emt 0:05:12][%cal Rb5c4] White is on the road to losing.} 16. Nd3 {[%emt 0:12:17] [#] And now cxd5 would win.} bxc4 17. bxc4 dxc4 18. Nf4 Rfe8 19. d5 e5 20. Ne6 Qb8 21. e4 $2 (21. Qd2 $17) 21... fxe4 $19 22. Bxe4 {[%emt 0:00:33] aiming for Qg4.} Nf6 {[%emt 0:00:23] Against Qg4} 23. f3 Qa8 24. Qd2 {[%emt 0:12:00][%cal Oe6g7] Threatens to win with Nxg7!} Bxd5 25. Nxg7 Kxg7 26. Qg5+ Kf7 27. f4 (27. Qh6 $142 Rg8 28. Rcd1) 27... Rg8 ({Stronger than} 27... Bxe4 28. fxe5 Re6 29. Rxf6+ Rxf6 30. Qxf6+ Kg8 31. Qe6+ Kh8 32. Qf6+ Kg8 33. Qe6+ Kh8 34. Qf6+ Kg8 $11) 28. Qh6 Nxe4 29. fxe5+ Ke8 {[%emt 0:00:20][%cal Oe4g3] ...Nxg3! is the strong threat.} 30. Rce1 Qa3 {[%emt 0:07:12][%cal Og8g3] ( -> ...Rxg3+!)} 31. exd6 {[%emt 0:05:51] [#]} Rxg3+ $1 32. hxg3 (32. Kh1 Kd7) 32... Qxg3+ 33. Kh1 Kd7 {[%emt 0:00:45][%csl Gg3][%cal Re4f2] Black mates.} 34. Qxh7+ Kxd6 35. Qh6+ Nf6+ {[%emt 0:00:13] Weighted Error Value: White=0.85/Black=0.04 (flawless)} 0-1

[Event "87th Spanish Championship 2022"]
[Site "Linares"]
[Date "2022.08.13"]
[Round "3.13"]
[White "Plazuelo Pascual, Juan"]
[Black "Vehi Bach, Victor Manuel"]
[Result "1-0"]
[ECO "B81"]
[WhiteElo "2448"]
[BlackElo "2290"]
[Annotator "TA"]
[PlyCount "41"]
[EventDate "2022.08.11"]
[EventType "swiss"]
[EventCountry "ESP"]
[SourceTitle "playchess.com"]
[Source "ChessBase"]
[SourceQuality "1"]
[TimeControl "5400+30"]

1. e4 c5 2. Nf3 e6 3. d4 cxd4 4. Nxd4 Nf6 5. Nc3 d6 6. g4 a6 7. g5 Nfd7 8. Be3 b5 9. a3 Bb7 10. h4 Nb6 11. h5 N8d7 12. Rh3 {[%emt 0:06:02][%cal Og5g6] White is more active. B81: Sicilian Scheveningen: Keres Attack.} Ne5 {[%emt 0:14:04] Inhibits g6.} 13. g6 {[%emt 0:01:36] Threatens to win with gxf7+.} Nbc4 $2 {[%emt 0:14:40] [#] A mistake that costs the game.} (13... Qc7 $16 {was called for.}) 14. gxf7+ $146 {[%emt 0:09:07] White has a decisive advantage.} ({Predecessor:} 14. Bxc4 Nxc4 15. gxf7+ Kxf7 16. Qg4 Qe7 17. Bg5 Qd7 18. Nd5 Ra7 19. Rf3+ Ke8 20. Nc7+ {1-0 (20) Kauranen,R-Estrin,Y ICCF corr 1978}) 14... Kxf7 15. Bxc4 bxc4 (15... Nxc4 $142 16. Qg4 Bc8) 16. f4 Nd7 17. f5 ({Not} 17. Qg4 Qe8 18. O-O-O (18. Rg3 Nf6 $16) 18... Nf6 $18) 17... e5 {[%emt 0:04:26] [#]} (17... exf5 18. Nxf5 Ne5) 18. Ne6 {[%emt 0:00:26] Pair of Knights! White is clearly winning.} Qa5 19. h6 g6 20. fxg6+ hxg6 21. Qg4 {[%emt 0:00:58] Weighted Error Value: White=0.07 (flawless) /Black=0.70} 1-0

[Event "87th Spanish Championship 2022"]
[Site "Linares"]
[Date "2022.08.13"]
[Round "3.14"]
[White "Gonzalez Perez, Arian"]
[Black "Cesar Maestre, Bernardo"]
[Result "0-1"]
[ECO "D31"]
[WhiteElo "2418"]
[BlackElo "2343"]
[Annotator "TA"]
[PlyCount "108"]
[EventDate "2022.08.11"]
[EventType "swiss"]
[EventCountry "ESP"]
[SourceTitle "playchess.com"]
[Source "ChessBase"]
[SourceQuality "1"]
[TimeControl "5400+30"]

1. d4 d5 2. c4 e6 3. Nc3 c6 4. e4 dxe4 5. Nxe4 Bb4+ 6. Bd2 Qxd4 7. Bxb4 Qxe4+ 8. Be2 Na6 9. Bd6 Bd7 {[%emt 0:18:23] D31: Queen's Gambit Declined: Semi-Slav without ...Nf6 (+ Marshall Gambit and Noteboom) and Exchange Variation lines without ...Nf6.} (9... Qxg2 $11 {keeps the balance.} 10. Bf3 Qg6) 10. Nf3 $16 {[%emt 0:03:08][%mdl 1024] [#] White has strong compensation.} Rd8 $146 (10... c5 $142) ({Predecessor:} 10... c5 11. O-O Bc6 12. Re1 O-O-O 13. Bf1 Qg4 14. Ne5 Qxd1 15. Raxd1 Nh6 16. Nxc6 bxc6 17. b4 cxb4 {0-1 (41) Iljin,T (2410)-Belikov,V (2477) Alushta 2013}) 11. O-O {[%emt 0:15:18] And now Bd3 would win.} Ne7 {[%emt 0:10:30] [#]} (11... Bc8 $16) 12. Bd3 $1 $18 {[%emt 0:09:28] A strong pair of Bishops.} Qg4 13. Re1 {[%emt 0:00:24] Re4 is the strong threat.} Qh5 14. Re5 Qh6 15. Nd4 (15. Qb3 $18 Nc8 16. Qxb7 Nxd6 17. Qxa6) 15... Qf6 $16 {[%emt 0:04:01] White must now prevent ...Nc8.} 16. Re4 (16. Qe1 $14) 16... c5 $11 17. Nf3 ({Avoid the trap} 17. Rf4 $2 Qh6 18. Bxe7 (18. Nf3 $2 Bc6 $19) 18... Kxe7 $19) (17. Be5 $1 $11 {was the only way to keep the balance.} Qg5 18. f4) 17... Bc6 $17 18. Be5 Qh6 19. Bf4 (19. Rg4 $17 f6 20. Bc3) 19... Qf6 (19... Qh5 $19 {has better winning chances.} 20. Qb3 Nb4) 20. Be5 Qh6 ({Black should try} 20... Qf5 21. Re3 Bxf3 22. Qxf3 Qxf3 23. Rxf3 f6) 21. Bf4 $1 Qg6 22. Re3 {[%emt 0:07:19] [#]} Qg4 23. Bg3 Nf5 24. Re1 Nxg3 25. hxg3 Nb4 26. Ne5 Qd4 {[%emt 0:02:10] Black is more active.} ({Better is} 26... Qxd1 $17 27. Raxd1 Ke7) 27. Qh5 $11 g6 $40 {[%emt 0:00:45][%mdl 128] White needs to defend precisely.} 28. Qh6 {[%emt 0:02:26][%mdl 8192] Black continues to play with concentration.} Nxd3 $19 29. Nxd3 Qxd3 30. Rad1 Qxd1 31. Rxd1 Rxd1+ 32. Kh2 Rd4 33. b3 b6 34. Qg7 Rf8 35. Qxh7 Rd2 36. Kg1 Rxa2 37. Qg7 Rd2 38. f3 Rd3 39. Qe5 Kd7 40. Qg7 Ke7 41. Qe5 Rc8 42. Qg5+ Ke8 43. g4 Rxb3 {[%emt 0:00:46] aiming for ...a5.} 44. Qf6 a5 {[%emt 0:01:15][%cal Ba7a5,Ba5a4,Ba4a3][%mdl 32] Hoping for ...a4.} 45. g5 a4 {[%emt 0:00:57] Black mates.} 46. Qh8+ Kd7 47. Qg7 a3 48. Qxf7+ Kd8 49. Qf6+ Kc7 50. Qa1 Ra8 51. Qe5+ Kb7 52. Qg7+ Ka6 53. Qa1 Rd8 54. Kh2 Rd2 {[%emt 0:00:38] Weighted Error Value: White=0.48/Black=0.34} 0-1